 Dungeon Sprint DCSS version 0.20.1-1-g8b1a95d (webtiles) character file.

2475 wojtek the Severer (level 9, -3/92 HPs)
             Began as a Minotaur Berserker on Dec 28, 2017.
             Was a Priest of Trog.
             Slain by Sonja
             ... wielding a +2 short sword of distortion
              (5 damage)
             ... in the Dungeon (Sprint I: "Red Sonja").
             The game lasted 00:02:18 (915 turns).

wojtek the Severer (Minotaur Berserker)              Turns: 915, Time: 00:02:18

Health: -3/92      AC:  3    Str: 26    XL:     9   Next: 27%
Magic:  8/8        EV: 12    Int:  6    God:    Trog [***...]
Gold:   432        SH:  0    Dex:  9    Spells: 8/8 levels left

rFire    . . .     SeeInvis .   a - +0 hand axe
rCold    . . .     Gourm    .   (no shield)
rNeg     . . .     Faith    .   b - +0 animal skin
rPois    .         Spirit   .   (helmet restricted)
rElec    .         Reflect  .   (no cloak)
rCorr    .         Harm     .   (no gloves)
MR       .....     NoTele   +   (no boots)
Stlth    +.........             (no amulet)
Regen    0.3/turn               k - +2 ring of intelligence
MPRegen  0.2/turn               (no ring)

@: lethally poisoned (-3 -> -13), slowed, very slow
A: retaliatory headbutt, horns 2
a: Berserk, Trog's Hand, Burn Spellbooks, Renounce Religion


You were in the Dungeon.
You worshipped Trog.
Trog was most pleased with you.
You were not hungry.

You visited 1 branch You collected 432 gold pieces.

Inventory:

Hand Weapons
 a - a +0 hand axe (weapon)
Armour
 b - a +0 animal skin (worn)
Jewellery
 k - a +2 ring of intelligence (left hand)
Wands
 j - a wand of polymorph (8/24)
Scrolls
 c - a scroll of remove curse {unknown}
 i - a scroll of blinking
 l - 3 scrolls of recharging {unknown}
 n - a scroll of identify {unknown}
 o - a scroll of amnesia {unknown}
Potions
 d - 3 potions of curing
 e - a potion of heal wounds
 f - a potion of haste
 g - 2 potions of magic
 h - a potion of berserk rage
 m - a potion of lignification {unknown}


   Skills:
 + Level 12.9 Fighting
 * Level 17.1 Axes
 + Level 12.7 Armour
 + Level 2.1 Dodging


You had 8 spell levels left.
You didn't know any spells.

Dungeon Overview and Level Annotations

Branches:
Dungeon (1/1)

Altars:
Cheibriados
Dithmenos
Elyvilon
Fedhas
Gozag
Hepliaklqana
Kikubaaqudgha
Makhleb
Nemelex Xobeh
Okawaru
Qazlal
Ru
Sif Muna
Trog
Uskayaw
Vehumet
Xom
Yredelemnul
Zin
The Shining One
Jiyva
Lugonu

Shops:
D :[

Annotations:
D Sonja


Innate Abilities, Weirdness & Mutations

You reflexively headbutt those who attack you in melee.
You have a pair of horns on your head.


Message History

You barely miss something.
You feel sick. Something hits you. Space bends around you. Something hits you!
You feel a strange sense of stasis. Something hits you. Space bends around you.
* * * LOW HITPOINT WARNING * * *
You miss something.
You feel sick. Something hits you.
* * * LOW HITPOINT WARNING * * *
Something hits you but does no damage. Something hits you.
* * * LOW HITPOINT WARNING * * *
Space bends around you.
* * * LOW HITPOINT WARNING * * *
Something completely misses you. Something hits you but does no damage.
You feel a strange sense of stasis. Something hits you.
* * * LOW HITPOINT WARNING * * *
You feel a strange sense of stasis.
* * * LOW HITPOINT WARNING * * *
You feel sick. Something hits you.
* * * LOW HITPOINT WARNING * * *
Something hits you but does no damage.
You feel a strange sense of stasis. Something hits you.
You die...

#..####..#...#.####.§#
#..#__####..##.#)§§§§#
#..#_____##'#..)§≈≈§§+
#⌠⌠#_.∩...'..._#≈§§§.#
####_..__##_.#'##§####
#_____###+#.#§§.(###
#########.####§###.##
+$.$(.....'.∩#
#$@$########## ##(##
#+#


There were no monsters in sight!

Vanquished Creatures
  2 centaur warriors (D)
  A deep troll (D)
  A slime creature (D)
  Sigmund (D)
  A yak (D)
  An ogre (D)
  A jelly (D)
  Ijyb (D)
9 creatures vanquished.

Vanquished Creatures (others)
  A gargoyle (D)
1 creature vanquished.

Grand Total: 10 creatures vanquished

Notes
Turn   | Place    | Note
-------+----------+-------------------------------------------
     0 | D        | wojtek the Minotaur Berserker began the quest for the Orb.
     0 | D        | Reached XP level 1. HP: 19/19 MP: 0/0
     1 | D        | Noticed Ijyb
    19 | D        | Killed Ijyb
    19 | D        | Reached skill level 5 in Fighting
    19 | D        | Reached skill level 6 in Axes
    19 | D        | Reached XP level 2. HP: 29/29 MP: 1/1
    77 | D        | Noticed an ogre
    81 | D        | Killed an ogre
    81 | D        | Reached skill level 8 in Axes
    81 | D        | Reached XP level 3. HP: 38/38 MP: 2/2
    81 | D        | Reached XP level 4. HP: 45/45 MP: 3/3
   122 | D        | Noticed Sigmund
   128 | D        | Killed Sigmund
   128 | D        | Reached ** piety under Trog
   128 | D        | Reached skill level 11 in Axes
   128 | D        | Reached XP level 5. HP: 50/53 MP: 4/4
   128 | D        | Reached XP level 6. HP: 57/61 MP: 5/5
   141 | D        | Found a burning altar of Makhleb.
   141 | D        | Found a viscous altar of Jiyva.
   141 | D        | Found a shimmering altar of Xom.
   141 | D        | Found a corrupted altar of Lugonu.
   141 | D        | Noticed a slime creature
   150 | D        | Killed a slime creature
   150 | D        | Reached skill level 12 in Axes
   418 | D        | Found a deep blue altar of Sif Muna.
   420 | D        | Found a radiant altar of Vehumet.
   433 | D        | Found Zaiw's Book Emporium.
   433 | D        | Found an ancient bone altar of Kikubaaqudgha.
   433 | D        | Found a hazy altar of Hepliaklqana.
   433 | D        | Found a stormy altar of Qazlal.
   433 | D        | Found a hide-covered altar of Uskayaw.
   433 | D        | Found a blossoming altar of Fedhas.
   433 | D        | Found a bloodstained altar of Trog.
   433 | D        | Found an iron altar of Okawaru.
   433 | D        | Found a basalt altar of Yredelemnul.
   433 | D        | Found a glowing golden altar of the Shining One.
   433 | D        | Found a snail-covered altar of Cheibriados.
   433 | D        | Found a sacrificial altar of Ru.
   433 | D        | Found a glowing silver altar of Zin.
   433 | D        | Found a shadowy altar of Dithmenos.
   433 | D        | Found a white marble altar of Elyvilon.
   433 | D        | Noticed a yak
   439 | D        | Killed a yak
   439 | D        | Reached *** piety under Trog
   439 | D        | Reached skill level 10 in Fighting
   439 | D        | Reached skill level 13 in Axes
   439 | D        | Reached XP level 7. HP: 50/72 MP: 6/6
   440 | D        | Found an opulent altar of Gozag.
   441 | D        | Found a sparkling altar of Nemelex Xobeh.
   541 | D        | Noticed a centaur warrior
   546 | D        | Noticed a centaur warrior
   556 | D        | Killed a centaur warrior
   556 | D        | Reached skill level 15 in Axes
   556 | D        | Reached XP level 8. HP: 45/82 MP: 7/7
   563 | D        | Killed a centaur warrior
   563 | D        | Reached skill level 16 in Axes
   624 | D        | Killed a gargoyle
   836 | D        | Noticed a deep troll
   843 | D        | Killed a deep troll
   843 | D        | Reached skill level 17 in Axes
   843 | D        | Reached XP level 9. HP: 92/92 MP: 8/8
   893 | D        | Found Xaty's Armour Emporium.
   908 | D        | Noticed Sonja
   915 | D        | HP: 2/92 [something (5)]
   915 | D        | Slain by Sonja

Skill      XL: |  1  2  3  4  5  6  7  8 |
---------------+-------------------------+-----
Fighting       | 5 6 8 10 11 12 | 12.9
Axes           | 6 8 11 13 15 17 | 17.1
Armour         | 4 6 7 9 11 12 | 12.7
Dodging        | |  2.1

Action                   |  1- 3 |  4- 6 |  7- 9 || total
-------------------------+-------+-------+-------++-------
Melee: Unarmed           |    14 |       |       ||    14
       Hand axe          |     5 |    20 |    20 ||    45
       Headbutt          |     2 |     3 |    10 ||    15
Invok: Berserk           |     2 |     1 |     1 ||     4
  Eat: Chunk             |       |       |     1 ||     1
       Bread ration      |       |       |     1 ||     1
Armor: Animal skin       |       |     1 |     4 ||     5
Dodge: Dodged            |     7 |     4 |    13 ||    24
